 Dungeon Crawl Stone Soup version 0.16.2-12-gd0ad4c3 (webtiles) character file.

1657 faibistes the Thaumaturge (level 8, -4/66 HPs)
             Began as a Deep Elf Wizard on Jan 24, 2019.
             Was a Follower of Sif Muna.
             Killed from afar by a white imp (5 damage)
             ... with a puff of frost
             ... summoned by faibistes' ghost
             ... in a bailey.
             The game lasted 00:21:41 (6819 turns).

faibistes the Thaumaturge (Deep Elf Wizard)         Turns: 6819, Time: 00:21:48

Health: -4/66      AC:  8    Str:  9    XL:     8   Next: 68%
Magic:  12/28      EV: 25    Int: 26    God:    Sif Muna [*.....]
Gold:   182        SH:  0    Dex: 18    Spells: 6 memorised, 12 levels left

rFire  . . .     SeeInvis .     K - +1 dagger (speed)
rCold  . . .     Clarity  .     a - +0 robe
rNeg   . . .     SustAb   .     (no shield)
rPois  .         Gourm    .     x - +2 helmet
rElec  .         Spirit   .     (no cloak)
rCorr  .         Warding  .     (no gloves)
rMut   .         Stasis   .     (no boots)
MR     .....                    (no amulet)
Stlth  ..........               J - +2 ring of evasion
                                m - +3 ring of protection

@: agile, berserking, very slightly contaminated, hasted, very quick, not
resistant to hostile enchantments, extremely unstealthy
A: repulsion field 1, sense surroundings 1, screaming 1
a: Channel Energy, Renounce Religion


You were in a bailey.
You worshipped Sif Muna.
Sif Muna was aware of your devotion.
You were not hungry.

You visited 2 branches of the dungeon, and saw 10 of its levels.
You also visited: Bailey.

You collected 182 gold pieces.

Inventory:

Hand weapons
 g - a +0 dagger
 K - a +1 dagger of speed (weapon)
Armour
 a - a +0 robe (worn)
 b - a +0 hat
 x - a +2 helmet (worn)
Jewellery
 m - a +3 ring of protection (left hand)
 y - a +5 ring of intelligence
 E - an uncursed ring of fire
 J - a +2 ring of evasion (right hand)
Magical devices
 A - a wand of digging (18)
 F - a wand of digging (16)
 H - a wand of random effects (21)
 L - a wand of enslavement (2)
Scrolls
 f - a scroll of amnesia
 n - a scroll of random uselessness
 t - a scroll of noise
 u - a scroll of teleportation
 v - 2 scrolls of enchant armour
Potions
 h - 3 potions of brilliance
 i - a potion of resistance
Books
 c - a book of Minor Magic

   Spells                             Type                      Level
   a - Magic Dart                     Conjuration                  1
   b - Blink                          Translocation                2
   c - Call Imp                       Summoning                    2
   d - Repel Missiles                 Charms/Air                   2
   e - Slow                           Hexes                        2
   f - Conjure Flame                  Conjuration/Fire             3
   g - Mephitic Cloud                 Conjuration/Poison/Air       3
Comestibles
 d - 7 bread rations
 j - 2 meat rations
 r - 2 beef jerkies
 G - 2 fruits


   Skills:
 - Level 1.7 Fighting
 + Level 5.8 Dodging
 - Level 2.4 Stealth
 * Level 9.1 Spellcasting
 * Level 5.4 Conjurations
 - Level 1.1 Summonings
 - Level 3.2 Translocations
 * Level 3.2 Fire Magic
 * Level 2.8 Air Magic
 + Level 2.2 Poison Magic


You had 12 spell levels left.
You knew the following spells:

 Your Spells              Type           Power        Failure   Level  Hunger
a - Magic Dart            Conj           ####         1%          1    None
b - Conjure Flame         Conj/Fire      ####....     2%          3    None
c - Call Imp              Summ           ###.....     6%          2    None
d - Blink                 Tloc           N/A          1%          2    None
e - Mephitic Cloud        Conj/Pois/Air  ####....     4%          3    None
f - Repel Missiles        Chrm/Air       ###...       4%          2    None


Dungeon Overview and Level Annotations

Branches:
Dungeon (9/15)             Temple (1/1) D:5
   Lair: D:8-11         Orc: D:9-12

Altars:
Ashenzari
Cheibriados
Dithmenos
Elyvilon
Fedhas
Kikubaaqudgha
Nemelex Xobeh
Okawaru
Qazlal
Ru
Sif Muna
Trog
Vehumet
Xom
Yredelemnul
Zin
The Shining One

Shops:
D:5 *

Annotations:
Bailey faibistes' ghost, experienced DEWz


Innate Abilities, Weirdness & Mutations

You are surrounded by a mild repulsion field (EV +2).
You passively map a small area around you.
You occasionally shout uncontrollably at your foes.


Message History

Faibistes' ghost blinks!
The crimson imp completely misses you. The white imp closely misses you.
You are very lightly contaminated with residual magic.
Drink which item? (? for menu, Esc to quit)
It was a potion of restore abilities.
You feel refreshed. The white imp gestures at you.
The puff of frost misses you.
The puff of frost hits your crimson imp.
Your crimson imp is frozen!
Your crimson imp dies!
Your orc warrior shoots a bolt.
The bolt barely misses faibistes' ghost.
Drink which item? (? for menu, Esc to quit)
It was a potion of berserk rage.
A red film seems to cover your vision as you go berserk!
You feel yourself moving faster!
You feel mighty! The crimson imp completely misses you.
The white imp gestures at you. The puff of frost hits you!
You die...

..............#
,,
........)(....#
..............#
..≈≈≈≈≈....((.#
.≈≈#.#≈≈(...).#
,.≈##.##≈.o....#
,,
.≈..^..≈......#
.≈##.##≈......#
..≈≈#.#≈≈...5@.#
...≈≈≈≈≈.(...55#
.......W.......#
......(....(§(.#
,
..........((..#
..........(...#
............∩.#
............∩#
#############


You could see faibistes' ghost, a crimson imp, 2 white imps and a friendly orc
warrior.

Vanquished Creatures
  Grinder (D:5)
  An ice beast (D:5)
  2 orc warriors (Bailey)
  2 sky beasts (D:5)
  2 ogres
  The ghost of faibistes the Magician, an average DEWz (D:3)
  Blork the orc (D:5)
  2 giant frogs
  A giant frog skeleton (D:4)
  A jelly (D:5)
  A crimson imp (D:8)
  5 orc wizards
  A worker ant (D:8)
  A hound zombie (D:5)
  A shadow imp (D:8)
  5 adders
  A giant mite (D:4)
  4 worms
  5 giant geckos
  18 orcs
  A bat skeleton (D:4)
  11 goblins
  13 hobgoblins
  3 jackals
  3 quokkas
  14 bats
  5 giant cockroaches
  A giant gecko skeleton (D:4)
  6 giant newts
  A giant spore (D:8)
  17 kobolds
  A kobold zombie (D:8)
  12 rats
  A fungus (D:3)
145 creatures vanquished.

Vanquished Creatures (collateral kills)
  Edmund (D:5)
  A white imp (Bailey)
  6 orcs
  3 jackals (D:1)
11 creatures vanquished.

Vanquished Creatures (others)
  A crimson imp (Bailey)
  A white imp (Bailey)
2 creatures vanquished.

Grand Total: 158 creatures vanquished

Notes
Turn   | Place    | Note
--------------------------------------------------------------
     0 | D:1      | faibistes, the Deep Elf Wizard, began the quest for the Orb.
     0 | D:1      | Reached XP level 1. HP: 10/10 MP: 6/6
   284 | D:2      | Reached XP level 2. HP: 10/15 MP: 1/10
   366 | D:1      | Learned a level 2 spell: Blink
   369 | D:1      | Learned a level 2 spell: Call Imp
  1018 | D:1      | Reached XP level 3. HP: 19/19 MP: 5/13
  1079 | D:1      | Learned a level 3 spell: Conjure Flame
  1083 | D:1      | Learned a level 3 spell: Mephitic Cloud
  1579 | D:1      | Reached skill level 5 in Spellcasting
  2475 | D:2      | Found a glowing silver altar of Zin.
  2776 | D:3      | Reached XP level 4. HP: 24/24 MP: 13/17
  2780 | D:3      | Learned a level 2 spell: Repel Missiles
  2801 | D:3      | Found a blossoming altar of Fedhas.
  3077 | D:3      | Reached XP level 5. HP: 28/28 MP: 16/20
  3385 | D:3      | Noticed faibistes' ghost (average DEWz)
  3414 | D:3      | Killed faibistes' ghost
  3414 | D:3      | Reached skill level 6 in Spellcasting
  4229 | D:4      | Reached XP level 6. HP: 32/32 MP: 16/22
  4307 | D:5      | Entered Level 5 of the Dungeon
  4334 | D:5      | Noticed Grinder
  4410 | D:5      | Paralysed by Grinder for 2 turns
  4416 | D:5      | Killed Grinder
  4416 | D:5      | Reached skill level 7 in Spellcasting
  4416 | D:5      | Reached XP level 7. HP: 36/36 MP: 9/25
  4874 | D:4      | Found a stormy altar of Qazlal.
  4879 | D:4      | Found a radiant altar of Vehumet.
  4881 | D:4      | Found a snail-covered altar of Cheibriados.
  5132 | D:4      | Noticed an ogre
  5142 | D:4      | Killed an ogre
  5142 | D:4      | Reached skill level 1 in Fighting
  5362 | D:5      | Found a staircase to the Ecumenical Temple.
  5377 | D:5      | Reached skill level 5 in Dodging
  5377 | D:5      | Reached skill level 8 in Spellcasting
  5385 | Temple   | Entered the Ecumenical Temple
  5399 | Temple   | Became a worshipper of Sif Muna the Loreminder
  5493 | D:5      | Found Pnemek's Assorted Antiques.
  5597 | D:5      | Noticed Blork the orc
  5607 | D:5      | Killed Blork the orc
  5731 | D:5      | Reached skill level 1 in Fire Magic
  5731 | D:5      | Reached skill level 1 in Air Magic
  5936 | D:5      | Reached XP level 8. HP: 44/44 MP: 21/27
  5938 | D:5      | Noticed Edmund
  5977 | D:5      | Killed Edmund
  5977 | D:5      | Reached skill level 1 in Poison Magic
  6244 | D:5      | Acquired Sif Muna's first power
  6244 | D:5      | Reached skill level 5 in Conjurations
  6690 | D:9      | Found a flagged portal.
  6704 | Bailey   | Entered a bailey
  6711 | Bailey   | Reached skill level 9 in Spellcasting
  6773 | Bailey   | Noticed faibistes' ghost (experienced DEWz)
  6803 | Bailey   | Gained mutation: You passively map a small area around you. [potion of mutation]
  6803 | Bailey   | Gained mutation: You are surrounded by a mild repulsion field (EV +2). [potion of mutation]
  6803 | Bailey   | Gained mutation: You occasionally shout uncontrollably at your foes. [potion of mutation]
  6813 | Bailey   | HP: 2/44 [orc warrior/bolt (13)]
  6819 | Bailey   | Killed from afar by a white imp

Action                   |  1- 3 |  4- 6 |  7- 9 || total
-------------------------+-------+-------+-------++-------
Melee: Dagger            |     3 |    74 |    13 ||    90
 Cast: Magic Dart        |   127 |    94 |   172 ||   393
       Call Imp          |     5 |     2 |     9 ||    16
       Mephitic Cloud    |       |     3 |    12 ||    15
       Repel Missiles    |       |     1 |       ||     1
       Conjure Flame     |       |     8 |     7 ||    15
       Blink             |       |       |     2 ||     2
Invok: Channel Energy    |       |       |     3 ||     3
Evoke: Wand              |       |       |     6 ||     6
  Use: Scroll            |       |       |     9 ||     9
       Potion            |       |       |     8 ||     8
 Stab: Sleeping          |       |       |     1 ||     1
       Confused          |       |       |     3 ||     3
  Eat: Chunk             |     5 |     6 |     7 ||    18
